 Dungeon Crawl Stone Soup version 0.25-a0-98-g0cf78c2f83 (webtiles) character file.

Game seed: 12284588901863457644, levelgen mode: deterministic

42 MordorOrchid the Scratcher (level 3, 0/15 HPs)
             Began as a Felid Transmuter on Nov 13, 2019.
             Slain by a leopard gecko (4 damage)
             ... on level 2 of the Dungeon.
             The game lasted 00:03:54 (1430 turns).

MordorOrchid the Scratcher (Felid Transmuter)       Turns: 1430, Time: 00:03:54

Health: 0/15       AC:  1    Str:  6    XL:     3   Next: 35%
Magic:  7/7        EV: 18    Int: 15    God:
Gold:   38         SH:  0    Dex: 16    Spells: 0/6 levels left
                                        Lives:  0   Deaths: 0

rFire    . . .     SeeInvis +     - Unarmed
rCold    . . .     Gourm    .   (shield unavailable)
rNeg     . . .     Faith    .   (armour unavailable)
rPois    .         Spirit   .   (helmet unavailable)
rElec    .         Reflect  .   (cloak unavailable)
rCorr    .         Harm     .   (gloves unavailable)
MR       .....                  (boots unavailable)
Stlth    ++........             (no amulet)
HPRegen  0.05/turn              (no ring)
MPRegen  0.10/turn              (no ring)

@: appendage (expiring), quick
A: very small, no armour, no weapons or thrown items, stealth, claws 1, fangs 3,
horns 2, see invisible, carnivore, speed 1, shaggy fur 1, slow metabolism 1,
sharp paws
a: End Transformation


You were on level 2 of the Dungeon.
You were completely stuffed.
You had grown temporary horns.
You visited 1 branch of the dungeon, and saw 2 of its levels.

You collected 38 gold pieces.

Inventory:

Missiles
 a - 52 arrows
Scrolls
 b - a scroll of fog {unknown}
 f - a scroll of amnesia
 i - a scroll of immolation {unknown}
 j - a scroll of magic mapping {unknown}
 k - a scroll of fear {unknown}
 n - 2 scrolls of identify {unknown}
 o - 4 scrolls of remove curse {unknown}
Potions
 d - a potion of ambrosia {unknown}
 e - a potion of magic {unknown}
 g - 3 potions of degeneration {unknown}
 h - a potion of agility {unknown}
 l - a potion of flight {unknown}
 m - a potion of heal wounds {unknown}
Comestibles
 c - 3 rations


   Skills:
 * Level 1.4 Fighting
 * Level 3.1 Dodging
 * Level 1.6 Stealth
 + Level 3.5 Unarmed Combat
 * Level 2.2 Spellcasting
 * Level 2.4 Transmutations


You couldn't memorise any spells.
You knew the following spells:

 Your Spells              Type           Power        Failure   Level  Hunger
a - Beastly Appendage     Tmut           #.....       9%          1    #......
b - Spider Form           Tmut/Pois      #.........   36%         3    ###....
s - Sticks to Snakes      Tmut           #.......     12%         2    ###....

Your spell library contained the following spells:

 Spells                   Type           Power        Failure   Level  Hunger
 Ice Form                 Ice/Tmut       #.......     78%         4    #####..
 Blade Hands              Tmut           #.........   92%         5    ######.


Dungeon Overview and Level Annotations

Branches:
Dungeon (2/15)

Altars:

Annotations:
D:2 Terence


Innate Abilities, Weirdness & Mutations

You cannot wear armour.
You are incapable of wielding weapons or throwing items.
Your paws allow you to move quietly. (Stealth)
You have sharp claws.
You have razor-sharp teeth.
You have supernaturally acute eyesight. (SInv)
You are carnivorous and can eat meat at any time.
You cover ground quickly.
You are covered in fur. (AC +1)
You have a slow metabolism.
Your sharp claws are effective at attacking unaware monsters.
You have a pair of horns on your head.


Message History

You scratch the leopard gecko.
The leopard gecko is moderately wounded.
The leopard gecko completely misses you.
You closely miss the leopard gecko.
The leopard gecko is moderately wounded.
The leopard gecko barely misses you.
You closely miss the leopard gecko.
The leopard gecko is moderately wounded.
The leopard gecko closely misses you.
You barely miss the leopard gecko.
The leopard gecko is moderately wounded.
The leopard gecko misses you.
You barely miss the leopard gecko.
The leopard gecko is moderately wounded.
The leopard gecko misses you.
Your transformation is almost over.
You closely miss the leopard gecko.
The leopard gecko is lightly wounded.
The leopard gecko bites you.
You die...

#รท.................#
##########
#...#####.#
#%........#
##.######## #.# #.#
#.# ##############.#
#..........@l..#
##.##############
#####...# ........#
#####...# #####


You could see a leopard gecko.

Vanquished Creatures
  An adder (D:2)
  A ball python (D:2)
  5 bats
  2 giant cockroaches (D:1)
  3 goblins
  6 hobgoblins
  A frilled lizard (D:1)
  4 kobolds (D:1)
  4 rats (D:1)
27 creatures vanquished.

Vanquished Creatures (collateral kills)
  An adder (D:2)
1 creature vanquished.

Grand Total: 28 creatures vanquished

Notes
Turn   | Place    | Note
-------+----------+-------------------------------------------
     0 | D:1      | MordorOrchid the Felid Transmuter began the quest for the
                  | Orb.
     0 | D:1      | Reached XP level 1. HP: 9/9 MP: 4/4
   245 | D:1      | Reached XP level 2. HP: 12/12 MP: 4/6
   253 | D:1      | Learned a level 2 spell: Sticks to Snakes
   288 | D:1      | Reached skill level 1 in Stealth
   900 | D:2      | Noticed Terence
  1053 | D:2      | Reached XP level 3. HP: 15/15 MP: 1/7
  1058 | D:2      | Learned a level 3 spell: Spider Form
  1430 | D:2      | Slain by a leopard gecko

Levels and vault maps discovered:
D:1:      minmay_arrival_stair_chambers, layout_basic
D:2:      minmay_door_path, layout_loops_ring, tso_altar, nrook_campfire,
          uniq_terence

Skill      XL: |  1  2 |
---------------+-------+-----
Dodging        | 3 |  3.1
Stealth        | 1 |  1.6
Fighting       | |  1.4
Unarmed Combat | |  3.5
Spellcasting   | |  2.2
Transmutations | |  2.4

Action                   || total
-------------------------++-------
Melee: Unarmed           ||    71
       Bite              ||     7
       Headbutt          ||     6
 Cast: Beastly Appendage ||    12
       Sticks to Snakes  ||     5
  Use: Scroll            ||     1
 Stab: Sleeping          ||     8
  Eat: Chunk             ||     9
Armor: Skin              ||     2
Dodge: Dodged            ||    50

Table legend:
 A = Non-vault XP
 B = Vault XP
 C = Vault XP percentage of total XP
 D = Non-vault monster count
 E = Vault monster count
 F = Vault count percentage of total count
                 A         B        C        D         E       F
            +---------+---------+-------+---------+---------+-------
      Total |      57 |       4 |   6.6 |      26 |       2 |   7.1
            +---------+---------+-------+---------+---------+-------
        D:1 |      29 |       0 |   0.0 |      20 |       0 |   0.0
        D:2 |      28 |       4 |  12.5 |       6 |       2 |  25.0
            +---------+---------+-------+---------+---------+-------
